 Dungeon Crawl Stone Soup version 0.13.0-9-gbc74161 (webtiles) character file.

168 Piginabag the Charmwright (level 3, 0/26 HPs)
             Began as a Demonspawn Skald on Oct 18, 2013.
             Killed from afar by Sigmund (2 damage)
             ... with a magic dart
             ... on Level 2 of the Dungeon.
             The game lasted 00:07:41 (2848 turns).

Piginabag the Charmwright (Demonspawn Skald)        Turns: 2848, Time: 00:07:41

HP   0/26        AC  5     Str 12      XL: 3   Next: 92%
MP   2/6         EV 11     Int 14      God:
Gold 103         SH  0     Dex 12      Spells:  3 memorised,  1 level left

Res.Fire  : . . .   See Invis. : .   a - +0 mace
Res.Cold  : . . .   Warding    : .   b - +0 leather armour
Life Prot.: . . .   Conserve   : .   (no shield)
Res.Poison: .       Res.Corr.  : .   (no helmet)
Res.Elec. : .       Clarity    : .   (no cloak)
Sust.Abil.: . .     Spirit.Shd : .   g - +1 pair of dwarf gauntlets
Res.Mut.  : .       Stasis     : .   (no boots)
Res.Rott. : .       Flight     : .   (no amulet)
Saprovore : . . .                    (no ring)
                                     (no ring)

@: not resistant to hostile enchantments, unstealthy
A: claws 1, talons 1
a: no special abilities


You were on level 2 of the Dungeon.
You were not hungry.

You visited 1 branch of the dungeon, and saw 2 of its levels.

You collected 83 gold pieces.

Inventory:

Hand weapons
 a - a +0,+0 mace (weapon)
Armour
 b - a +0 leather armour (worn)
 g - a +1 pair of dwarven gauntlets (worn)
Comestibles
 d - 2 bread rations
Scrolls
 e - a scroll of teleportation
Jewellery
 l - an uncursed amulet of guardian spirit {unknown}
Potions
 j - a potion of brilliance {unknown}
 k - a potion of heal wounds {unknown}
Books
 c - a book of Battle

   Spells                             Type                      Level
   *Infusion                          Charms                       1
   *Shroud of Golubria                Charms/Translocation         2
   Song of Slaying                    Charms                       2
   *Spectral Weapon                   Hexes/Charms                 3
   Regeneration                       Charms/Necromancy            3
   Song of Shielding                  Charms                       4


   Skills:
 + Level 2.0 Fighting
 + Level 2.0 Maces & Flails
 + Level 1.6 Armour
 + Level 1.6 Dodging
 + Level 0.4 Stealth
 + Level 2.5 Spellcasting
 + Level 3.1 Charms


You had one spell level left.
You knew the following spells:

 Your Spells              Type           Power        Failure   Level  Hunger
a - Infusion              Chrm           ##....       10%         1    #......
b - Shroud of Golubria    Chrm/Tloc      #.........   21%         2    ##.....
c - Spectral Weapon       Hex/Chrm       #.......     38%         3    ####...


Dungeon Overview and Level Annotations

Branches:
Dungeon (2/27)

Altars:

Annotations:
D:2 Sigmund


Innate Abilities, Weirdness & Mutations

You have sharp fingernails.
You have sharp toenails.


Message History

You hit it.
Your shroud bends its attack away!
You barely miss it.
Your shroud begins to fray at the edges.
You are feeling less magically infused.
It hits you.
You miss it. Your kick misses it.
You hear some strange, mumbled words.
The magic dart hits you!
* * * LOW HITPOINT WARNING * * *
Drink which item? (? for menu, Esc to quit)
You feel better.
It was a potion of curing.
It hits you but does no damage.
Your shroud bends its attack away!
Your shroud unravels.
Your attacks are no longer magically infused.
Your spectral weapon fades away.
The puff of flame hits you! The puff of flame hits you!
* * * LOW HITPOINT WARNING * * *
The magic dart hits you!
You die...

##########################......
#..............>.........'..)..(
#...........###.....######......
#...........# #.###'######......
#...........# #..........#######
#...........###..........#
#....)........#..........#
#.....[.....#.#.#+#+######
#....<......#..@..#.############
#...........###.###.#...........
#...................#.##########
#..........####.#.###.#
#.)........# #.#.....###
#..........# #.#######.#
#..........# #.# #.# ######
###############.#######.# #....(
#..[.........#.# #.####


There were no monsters in sight!

Vanquished Creatures
  An inept feature mimic (D:2)
  3 giant geckos
  2 oozes
  5 goblins
  7 hobgoblins
  12 jackals
  6 kobolds
  3 bats
  3 giant newts (D:1)
  7 rats
49 creatures vanquished.

Notes
Turn   | Place    | Note
--------------------------------------------------------------
     0 | D:1      | Piginabag, the Demonspawn Skald, began the quest for the Orb.
     0 | D:1      | Reached XP level 1. HP: 15/15 MP: 3/3
   319 | D:1      | Reached skill level 1 in Dodging
   462 | D:1      | Gained mutation: You have sharp toenails. [demonic ancestry]
   462 | D:1      | Reached XP level 2. HP: 18/21 MP: 0/5
   474 | D:1      | Reached skill level 1 in Armour
  1110 | D:1      | Gained mutation: You have sharp fingernails. [demonic ancestry]
  1110 | D:1      | Reached XP level 3. HP: 13/26 MP: 2/6
  1611 | D:2      | Learned a level 2 spell: Shroud of Golubria
  1615 | D:2      | Learned a level 3 spell: Spectral Weapon
  2051 | D:2      | Reached skill level 3 in Charms
  2208 | D:2      | Noticed Sigmund
  2848 | D:2      | Killed from afar by Sigmund

Action                   || total
-------------------------++-------
Melee: Mace              ||   124
 Cast: Infusion          ||    21
       Shroud of Golubri ||     3
       Spectral Weapon   ||     1
  Use: Scroll            ||     4
       Potion            ||     1
